 Dungeon Crawl Stone Soup version 0.29-a0-409-gd843f3a48c (webtiles) character file.

Game seed: 11996510569163709177

46 runemasterragnar the Shield-Bearer (level 3, 0/26 HPs)
             Began as an Octopode Fighter on May 14, 2022.
             Slain by a goblin
             ... wielding a +0 dagger
             ... led by Robin
              (2 damage)
             ... on level 2 of the Dungeon.
             The game lasted 00:01:35 (1072 turns).

runemasterragnar the Shield-Bearer (OpFi)           Turns: 1072, Time: 00:01:36

Health: 0/26       AC:  1    Str: 15    XL:     3   Next: 66%
Magic:  3/3        EV: 13    Int: 12    God:
Gold:   66         SH:  4    Dex: 11    Spells: 2/2 levels left

rFire   . . .      SeeInvis .   a - +0 long sword
rCold   . . .      Faith    .   b - +0 buckler
rNeg    . . .      Spirit   .   (helmet restricted)
rPois   .          Reflect  .   (no amulet)
rElec   .          Harm     .   (no ring)
rCorr   .          Rampage  .   (no ring)
Will    .....                   (no ring)
Stlth   +++.......              (no ring)
HPRegen 0.08/turn               (no ring)
MPRegen 0.08/turn               (no ring)
                                (no ring)
                                (no ring)

@: lethally poisoned (0 -> -5)
A: almost no armour, amphibious, 8 rings, camouflage 1, gelatinous body 1,
(nimble swimmer 1), tentacles
a: no special abilities


You were on level 2 of the Dungeon.
You visited 1 branch of the dungeon, and saw 2 of its levels.

You collected 66 gold pieces.

Inventory:

Hand Weapons
 a - a +0 long sword (weapon)
 e - a +4 dagger
Armour
 b - a +0 buckler (worn)
Potions
 c - a potion of might


   Skills:
 + Level 3.2 Fighting
 * Level 2.7 Long Blades
 + Level 3.2 Dodging
 + Level 1.4 Stealth
 + Level 3.2 Shields
 + Level 1.0 Unarmed Combat


You had 2 spell levels left.
You didn't know any spells.
Your spell library was empty.

Dungeon Overview and Level Annotations

Branches:
Dungeon (2/15)

Altars:
Uskayaw


Innate Abilities, Weirdness & Mutations

You cannot wear most types of armour.
You are amphibious.
You can wear up to eight rings at the same time.
Your skin changes colour to match your surroundings (Stealth+).
Your rubbery body absorbs attacks. (AC +1, EV +1)
((You are camouflaged when in or above water. (Stealth+)))
You have tentacles for arms and can constrict up to eight enemies at once.


Message History

You feel sick. The adder barely misses you.
You feel sick.
It was a potion of heal wounds.
You feel much better.
You feel sick. You block the adder's attack. x2
You closely miss the adder. Your grab misses the adder. You squeeze the adder!
You kill the adder!
You feel sick. The adder bites you.
You are more poisoned.
The adder poisons you!
You completely miss the adder. Your grab misses the adder.
Your squeeze misses the adder.
The adder is severely wounded.
You feel sick. The adder barely misses you. The adder bites you.
You miss the adder. Your grab misses the adder.
The adder is severely wounded.
You feel sick. The adder closely misses you.
The goblin hits you with a +0 dagger. The adder misses you.
Unknown command.
You barely miss the adder. Your grab misses the adder.
The adder is severely wounded.
You feel sick. The adder bites you.
You are lethally poisoned!
The adder poisons you! The goblin hits you with a +0 dagger.
* * * LOW HITPOINT WARNING * * *
Unknown command.
You barely miss the adder. Your grab misses the adder.
The adder is severely wounded.
* * * LOW HITPOINT WARNING * * *
You feel sick. The adder misses you. You block the goblin's attack.
The adder bites you.
* * * LOW HITPOINT WARNING * * *
You miss the adder. You grab the adder. You squeeze the adder.
You kill the adder!
* * * LOW HITPOINT WARNING * * *
You feel sick. The goblin closely misses you.
The goblin hits you but does no damage. x2
Your Unarmed Combat skill increases to level 1!
Unknown command.
The goblin attacks as you move away! The goblin hits you with a +0 dagger.
You die...

#....gg #.....g
######## .......
#......# #......
#......# #......
###......#
......g####.g....<.#
.......#..g.#@.....#
............g......#
.........^###......#
..........# #......#
......._..# ########
..........#
..>.......#
<######.### #.#


You could see 2 goblins.

Vanquished Creatures
  2 adders (D:2)
  4 bats
  2 endoplasms (D:1)
  A giant cockroach (D:1)
  A goblin (D:1)
  3 hobgoblins (D:1)
  4 jackals (D:1)
  2 quokkas (D:1)
  A frilled lizard (D:1)
  A kobold (D:1)
  6 rats (D:1)
27 creatures vanquished.

Notes
Turn   | Place    | Note
-------+----------+-------------------------------------------
     0 | D:1      | runemasterragnar the Octopode Fighter began the quest for
                  | the Orb.
     0 | D:1      | Reached XP level 1. HP: 16/16 MP: 1/1
   252 | D:1      | Reached XP level 2. HP: 16/21 MP: 2/2
   420 | D:1      | Found a faded altar of an unknown god.
   608 | D:1      | Reached skill level 1 in Stealth
   751 | D:1      | Reached XP level 3. HP: 26/26 MP: 3/3
  1048 | D:2      | Found a hide-covered altar of Uskayaw.
  1072 | D:2      | Reached skill level 1 in Unarmed Combat
  1072 | D:2      | Slain by a goblin

Illustrated notes

Levels and vault maps discovered:
D:1:      nzn_arrival_depleted_hourglass, layout_rooms,
          hellmonk_ecumenical_altar_dog_temple
D:2:      layout_rooms, serial_shops, shop, basic_altar, due_unseen_surprise,
          uniq_robin

Skill      XL: |  1  2  3 |
---------------+----------+-----
Stealth        | 1 |  1.4
Unarmed Combat | 1 |  1.0
Fighting       | |  3.2
Long Blades    | |  2.7
Dodging        | |  3.2
Shields        | |  3.2

Action                   || total
-------------------------++-------
Melee: Long sword        ||    52
       Constrict         ||    15
       Tentacles         ||     8
       Punch             ||     1
  Use: Potion            ||     1
 Stab: Sleeping          ||     5
Armor: Skin              ||     9
Dodge: Dodged            ||    37
Block: Buckler           ||    14

Table legend: (Time is in decaauts)
 A = Elapsed time spent in this place.
 B = Non-inter-level travel time spent in this place.
 C = Inter-level travel time spent in this place.
 D = Time resting spent in this place.
 E = Time spent auto-exploring this place.
 F = Levels seen in this place.
 G = Mean time per level.
                   A        B        C        D        E       F      G
               +--------+--------+--------+--------+--------+-----+--------+
         Total |   1087 |   1053 |     34 |      0 |    871 |   2 |  543.5 |
       Dungeon |   1087 |   1053 |     34 |      0 |    871 |   2 |  543.5 |
               +--------+--------+--------+--------+--------+-----+--------+

Top non-repeatable levels by time:
     D:1: 1054 daAuts
     D:2: 33 daAuts
